 Dungeon Sprint DCSS version 0.31.0-10-gcf4a605ca0 (webtiles) character file.

Game seed: 17719987087812101110

1200000 Ashen the Slayer (level 14, -37/128 HPs)
             Began as a Djinni Warper on Jan 25, 2024.
             Was a Priest of Makhleb.
             Annihilated by a bag of meat
             ... wielding a +9 war axe
              (43 damage)
             ... in the Dungeon (Sprint VIII: "Arena of Blood").
             The game lasted 00:00:49 (12 turns).

Ashen the Slayer (Djinni Warper)                      Turns: 12, Time: 00:00:50

Health: -37/128    AC:  3    Str: 10    XL:     14   Next: 11%
Gold:   0          EV: 12    Int: 17    God:    Makhleb [***...] SH:  0 Dex: 16

rFire   + + .        h - +∞ Axe of Woe
rCold   x . .        (shield currently unavailable)
rNeg    . . .        a - +0 leather armour
rPois   ∞            (no helmet)
rElec   .            (no cloak)
rCorr   .            (no gloves)
SInv    .            (boots unavailable)
Will    +....        (no amulet)
Stlth   +            (no ring)
HPRegen 0.41/turn    (no ring)
MPRegen 0.00/turn

%: no teleportation, infuse magic (-38 HP)
@: flying
A: sickness immunity, fire resistance 2, cold vulnerability 1, float, innate
caster, HP casting, extra vitality 1
a: Renounce Religion, Minor Destruction, Lesser Servant of Makhleb


You were in the Dungeon.
You worshipped Makhleb.
Makhleb was most pleased with you.
You visited 1 branch

Inventory:

Hand Weapons
 h - the +∞ Axe of Woe (weapon)
   (You found it in the Dungeon)
Missiles
 c - 7 darts of dispersal (quivered)
Armour
 a - a +0 leather armour (worn)
Scrolls
 b - 2 scrolls of blinking
Potions
 d - a potion of curing
 e - a potion of heal wounds
 f - a potion of haste
 g - a potion of berserk rage


   Skills:
 + Level 21.0 Fighting
 - Level 0.7 Throwing
 - Level 1.0 Armour
 - Level 2.1 Dodging
 + Level 21.0 Unarmed Combat
 + Level 17.0 Spellcasting
 + Level 17.0 Conjurations
 + Level 17.0 Hexes
 + Level 17.0 Summonings
 + Level 17.0 Necromancy
 + Level 17.0 Translocations
 + Level 17.0 Fire Magic
 + Level 17.0 Ice Magic
 + Level 17.0 Air Magic
 + Level 17.0 Earth Magic
 + Level 17.0 Alchemy


You knew the following spells:

 Your Spells              Type           Power      Damage    Failure   Level
a - Blink                 Tloc           100%       N/A       0%          2
b - Lesser Beckoning      Tloc           100%       N/A       0%          2
c - Teleport Other        Tloc           64%        N/A       0%          3
d - Manifold Assault      Tloc           64%        N/A       1%          4
e - Vhi's Electric Charg  Tloc/Air       100%       N/A       1%          4
f - Foxfire               Conj/Fire      100%       2x1d9     0%          1
g - Ensorcelled Hibernat  Hex/Ice        100%       N/A       0%          2
h - Stone Arrow           Conj/Erth      100%       3d13      0%          3
i - Dazzling Flash        Conj/Hex       100%       N/A       0%          3
j - Dispel Undead         Necr           64%        3d22      1%          4
k - Summon Mana Viper     Hex/Summ       64%        N/A       1%          5
Your spell library was empty.

Dungeon Overview and Level Annotations

Branches:
Dungeon (1/1)

Altars:
Makhleb


Innate Abilities, Weirdness & Mutations

You are immune to sickness and miasma.
You are immune to poison.
Your flesh is very heat resistant. (rF++)
You are vulnerable to cold. (rC-)
You float through the air rather than walking.
You learn spells naturally, not from books.
Your magical power is your life essence.
You have superior vitality. (+4 MHP)


Message History

The meat berserker hits you with a +9 battleaxe!!!
Ouch! That really hurt!
A meat berserker comes into view. It is wielding a +9 battleaxe.
A bag of meat comes into view. It is wielding a +9 war axe.
The bag of meat hits you with a +9 war axe!!!
* * * LOW HITPOINT WARNING * * *
A bag of meat comes into view. It is wielding a +9 war axe.
A meat berserker comes into view. It is wielding a +9 battleaxe.
The bag of meat moves out of view.
The bag of meat shouts!
Your Fighting skill gained 3 levels and is now at level 21!
Your Unarmed Combat skill gained 3 levels and is now at level 21!
Your Spellcasting skill gained 2 levels and is now at level 17!
Your Conjurations skill gained 2 levels and is now at level 17!
Your Hexes skill gained 2 levels and is now at level 17!
Your Summonings skill gained 2 levels and is now at level 17!
Your Necromancy skill gained 2 levels and is now at level 17!
Your Translocations skill gained 2 levels and is now at level 17!
Your Fire Magic skill gained 2 levels and is now at level 17!
Your Ice Magic skill gained 2 levels and is now at level 17!
Your Air Magic skill gained 2 levels and is now at level 17!
Your Earth Magic skill gained 2 levels and is now at level 17!
Your Alchemy skill gained 2 levels and is now at level 17!
You have reached level 14!
The bag of meat shouts!
You hit the meat berserker.
You fatally mangle the meat berserker.
You kill the meat berserker!
Makhleb accepts your kill.
You slash the bag of meat!
You fatally mangle the bag of meat.
You kill the bag of meat!
Makhleb accepts your kill.
You slash the bag of meat!
You pulverise the bag of meat into a thin bloody mist.
You kill the bag of meat!
Makhleb accepts your kill.
You can now summon a lesser servant of Makhleb.
You hear a shout!
A bag of meat comes into view. It is wielding a +9 war axe. x4
The bag of meat hits you with a +9 war axe!!!
You die...

oo...ooo..#.#.
.o...oo.......
.............
o..oo..OO...
.oO........
.o........
#o)o....#
#@).....#
...###)......###.
........###......
#........_.......
......#.....#....
......#_.<._# .
......#.....#
#........_.....
........###......


You could see a large bag of meat (inner flame), 2 meat berserkers and 15 bags
of meat.

Vanquished Creatures
  An ogre (D)
  7 orcs (D)
8 creatures vanquished.

Notes
Turn   | Place    | Note
-------+----------+-------------------------------------------
     0 | D        | Found the +∞ Axe of Woe
     0 | D        | Ashen the Djinni Warper began the quest for the Orb.
     0 | D        | Ashen set off with the following spells memorised: Blink,
                  | Lesser Beckoning, Teleport Other, Manifold Assault, Vhi's
                  | Electric Charge.
     0 | D        | Reached XP level 1. HP: 18/18 MP: 0/0
     1 | D        | Noticed a bag of meat
     3 | D        | Became a worshipper of Makhleb the Destroyer
     5 | D        | Noticed a bag of meat
     5 | D        | Noticed a bag of meat
     5 | D        | Noticed a bag of meat
     6 | D        | Noticed a bag of meat
     6 | D        | Noticed a meat berserker
     6 | D        | Noticed a bag of meat
     6 | D        | Noticed a bag of meat
     6 | D        | Noticed a bag of meat
     7 | D        | Noticed a bag of meat
     8 | D        | Noticed a bag of meat
     8 | D        | Noticed a bag of meat
     9 | D        | Killed a bag of meat
     9 | D        | Killed a bag of meat
     9 | D        | Reached * piety under Makhleb
     9 | D        | Killed a bag of meat
     9 | D        | Noticed a bag of meat
     9 | D        | Noticed a large bag of meat
    10 | D        | Reached skill level 15 in Spellcasting
    10 | D        | Reached skill level 15 in Conjurations
    10 | D        | Reached skill level 15 in Hexes
    10 | D        | Reached skill level 15 in Summonings
    10 | D        | Reached skill level 15 in Necromancy
    10 | D        | Reached skill level 15 in Translocations
    10 | D        | Reached skill level 15 in Fire Magic
    10 | D        | Reached skill level 15 in Ice Magic
    10 | D        | Reached skill level 15 in Air Magic
    10 | D        | Reached skill level 15 in Earth Magic
    10 | D        | Reached skill level 15 in Alchemy
    10 | D        | Reached XP level 2. HP: 48/48 MP: 0/0
    10 | D        | Reached XP level 3. HP: 54/54 MP: 0/0
    10 | D        | Learned a level 1 spell: Foxfire
    10 | D        | Reached XP level 4. HP: 60/60 MP: 0/0
    10 | D        | Reached XP level 5. HP: 66/66 MP: 0/0
    10 | D        | Learned a level 2 spell: Ensorcelled Hibernation
    10 | D        | Reached XP level 6. HP: 73/73 MP: 0/0
    10 | D        | Reached XP level 7. HP: 78/78 MP: 0/0
    10 | D        | Learned a level 3 spell: Stone Arrow
    10 | D        | Reached XP level 8. HP: 85/85 MP: 0/0
    10 | D        | Reached XP level 9. HP: 91/91 MP: 0/0
    10 | D        | Learned a level 3 spell: Dazzling Flash
    10 | D        | Reached XP level 10. HP: 97/97 MP: 0/0
    10 | D        | Reached XP level 11. HP: 103/103 MP: 0/0
    10 | D        | Learned a level 4 spell: Dispel Undead
    10 | D        | Reached XP level 12. HP: 110/110 MP: 0/0
    10 | D        | Reached XP level 13. HP: 115/115 MP: 0/0
    10 | D        | Learned a level 5 spell: Summon Mana Viper
    10 | D        | Noticed a bag of meat
    10 | D        | Noticed a bag of meat
    11 | D        | Killed a bag of meat
    11 | D        | Killed a bag of meat
    11 | D        | Reached ** piety under Makhleb
    11 | D        | Noticed a bag of meat
    11 | D        | Noticed a bag of meat
    11 | D        | Noticed a bag of meat
    11 | D        | Noticed a meat berserker
    11 | D        | Noticed a bag of meat
    11 | D        | HP: 5/115 [bag of meat/+9 war axe (45)]
    11 | D        | Noticed a bag of meat
    11 | D        | Noticed a meat berserker
    12 | D        | Reached XP level 14. HP: 5/128 MP: 0/0
    12 | D        | Killed a meat berserker
    12 | D        | Killed a bag of meat
    12 | D        | Killed a bag of meat
    12 | D        | Reached *** piety under Makhleb
    12 | D        | Noticed a bag of meat
    12 | D        | Noticed a bag of meat
    12 | D        | Noticed a bag of meat
    12 | D        | Noticed a bag of meat
    12 | D        | Annihilated by a bag of meat

Illustrated notes

Levels and vault maps discovered:
D:        meatsprint

Skill      XL: |  1  2  3  4  5  6  7  8  9 10 11 12 13 |
---------------+----------------------------------------+-----
Fighting       | 18 21 | 21.0
Unarmed Combat | 18 21 | 21.0
Spellcasting   | 15 17 | 17.0
Conjurations   | 15 17 | 17.0
Hexes          | 15 17 | 17.0
Summonings     | 15 17 | 17.0
Necromancy     | 15 17 | 17.0
Translocations | 15 17 | 17.0
Fire Magic     | 15 17 | 17.0
Ice Magic      | 15 17 | 17.0
Air Magic      | 15 17 | 17.0
Earth Magic    | 15 17 | 17.0
Alchemy        | 15 17 | 17.0
Throwing       | |  0.7
Armour         | |  1.0
Dodging        | |  2.1

Action                     |  1- 3 |  4- 6 |  7- 9 | 10-12 | 13-15 || total
---------------------------+-------+-------+-------+-------+-------++-------
  Melee: Executioner's axe |     1 |       |       |       |     2 ||     3
 Armour: Leather armour    |       |       |       |       |     3 ||     3
